 Dungeon Crawl Stone Soup version 0.27-a0-1196-g3e9cee4cb2 (webtiles) character file.

Game seed: 3846817312292695670

10 Shayle the Sneak (level 2, 0/19 HPs)
             Began as a Demonspawn Enchanter on May 28, 2021.
             Slain by a worm (6 damage)
             ... on level 2 of the Dungeon.
             The game lasted 00:00:59 (540 turns).

Shayle the Sneak (Demonspawn Enchanter)              Turns: 540, Time: 00:00:59

Health: 0/19       AC:  2    Str:  8    XL:     2   Next: 10%
Magic:  5/5        EV: 12    Int: 16    God:
Gold:   0          SH:  0    Dex: 13    Spells: 4/5 levels left

rFire    . . .     SeeInvis .   a - +1 dagger
rCold    . . .     Faith    .   (no shield)
rNeg     . . .     Spirit   .   b - +0 robe
rPois    .         Reflect  .   (no helmet)
rElec    .         Harm     .   (no cloak)
rCorr    .         Rampage  .   (no gloves)
Will     .....                  (no boots)
Stlth    ++........             (no amulet)
HPRegen  0.06/turn              (no ring)
MPRegen  0.09/turn              (no ring)

@: no status effects
A: powered by pain 1
a: no special abilities


You were on level 2 of the Dungeon.
You visited 1 branch of the dungeon, and saw 2 of its levels.

Inventory:

Hand Weapons
 a - a +1 dagger (weapon)
Armour
 b - a +0 robe (worn)


   Skills:
 - Level 0.8 Short Blades
 + Level 2.2 Dodging
 + Level 3.1 Stealth
 - Level 2.0 Spellcasting
 - Level 3.0 Hexes


You had 4 spell levels left.
You knew the following spells:

 Your Spells              Type           Power      Damage    Failure   Level
a - Corona                Hex            12%        N/A       6%          1

Your spell library contained the following spells:

 Spells                   Type           Power      Damage    Failure   Level
 Ensorcelled Hibernation  Hex/Ice        12%        N/A       17%         2
 Confusing Touch          Hex            11%        N/A       19%         3
 Tukima's Dance           Hex            11%        N/A       19%         3
 Dazzling Flash           Conj/Hex       12%        N/A       32%         3


Dungeon Overview and Level Annotations

Branches:
Dungeon (2/15)

Altars:


Innate Abilities, Weirdness & Mutations

You sometimes gain a little power by taking damage.


Message History

You hit the giant cockroach.
You kill the giant cockroach!
You start resting.
HP restored.
A goblin comes into view. It is wielding a +0 dagger.
A hobgoblin comes into view.
The hobgoblin shouts!
You hear an angry hiss.
You hear a shout!
A frilled lizard comes into view.
Found a leather armour.
Found a scroll labelled FOATOKHLAZO.
A rat comes into view.
An endoplasm comes into view.
You closely miss the hobgoblin. The hobgoblin hits you.
You closely miss the hobgoblin. The hobgoblin hits you.
You barely miss the hobgoblin. The hobgoblin misses you.
You hit the hobgoblin but do no damage. The hobgoblin hits you.
You hit the hobgoblin but do no damage. The hobgoblin hits you.
You hit the hobgoblin but do no damage.
The hobgoblin hits you but does no damage.
You aren't carrying any scrolls.
Unknown command.
You aren't carrying any potions.
Sorry, you're not good enough to have a special ability.
Unknown command.
The rat misses you. The hobgoblin barely misses you. The rat bites you.
The endoplasm hits you but does no damage.
The rat closely misses you. The endoplasm closely misses you.
Found a scroll labelled KUAMEM HARA.
The endoplasm jiggles.
The frilled lizard hisses.
There is a stone staircase leading down here.
The rat bites you.
You climb downwards.
A hobgoblin comes into view.
There is a stone staircase leading up here.
A worm comes into view.
You hit the rat but do no damage. The rat bites you but does no damage.
The worm bites you.
You die...

#.#.≈≈#####
#.#..≈≈≈≈≈#
#.<..≈≈≈≈≈#
###...≈≈≈≈#
#.#..≈≈≈#
#......≈#
#.####...
#r# .. #@#
. #w# ...
##.## ..#
###


You could see a worm and a rat.

Vanquished Creatures
  A dart slug (D:1)
  A bat (D:1)
  2 giant cockroaches (D:1)
  A kobold (D:1)
  2 ball pythons (D:1)
7 creatures vanquished.

Notes
Turn   | Place    | Note
-------+----------+-------------------------------------------
     0 | D:1      | Shayle the Demonspawn Enchanter began the quest for the
                  | Orb.
     0 | D:1      | Reached XP level 1. HP: 13/13 MP: 3/3
   247 | D:1      | Gained mutation: You sometimes gain a little power by
                  | taking damage. [demonic ancestry]
   247 | D:1      | Reached XP level 2. HP: 7/19 MP: 5/5
   540 | D:2      | Slain by a worm

Illustrated notes

Levels and vault maps discovered:
D:1:      dpeg_arrival_orchard, layout_basic, minivault_19, minivault_24,
          minmay_heptomino_w4
D:2:      layout_loops_cross, shapermc_ecumenical_altar_mp_ritualfount,
          grunt_decor_junction

Skill      XL: |  1 |
---------------+----+-----
Dodging        | 2 |  2.2
Stealth        | 3 |  3.1
Short Blades   | |  0.8
Spellcasting   | |  2.0
Hexes          | |  3.0

Action                   || total
-------------------------++-------
Melee: Dagger            ||    44
 Stab: Sleeping          ||     1
Armor: Robe              ||    20
Dodge: Dodged            ||    41

Table legend: (Time is in decaauts)
 A = Elapsed time spent in this place.
 B = Non-inter-level travel time spent in this place.
 C = Inter-level travel time spent in this place.
 D = Time resting spent in this place.
 E = Time spent auto-exploring this place.
 F = Levels seen in this place.
 G = Mean time per level.
                   A        B        C        D        E       F      G
               +--------+--------+--------+--------+--------+-----+--------+
         Total |    537 |    537 |      0 |    241 |    176 |   2 |  268.5 |
       Dungeon |    537 |    537 |      0 |    241 |    176 |   2 |  268.5 |
               +--------+--------+--------+--------+--------+-----+--------+

Top non-repeatable levels by time:
     D:1: 531 daAuts
     D:2: 6 daAuts
